 Dungeon Crawl Stone Soup version 0.30-a0-297-g0ec75d9ef4 (webtiles) character file.

Game seed: 10205461677901597354

63 pascalblue the Gusty (level 3, 0/19 HPs)
             Began as a Deep Elf Air Elementalist on Oct 19, 2022.
             Slain by an adder (4 damage)
             ... on level 2 of the Dungeon.
             The game lasted 00:03:44 (1775 turns).

pascalblue the Gusty (Deep Elf Air Elementalist)    Turns: 1775, Time: 00:03:45

Health: 0/19       AC:  2    Str:  5    XL:     3   Next: 87%
Magic:  0/10       EV: 12    Int: 21    God:
Gold:   91         SH:  0    Dex: 15    Spells: 3/9 levels left

rFire   . . .      SeeInvis .    (no weapon)
rCold   . . .      Faith    .    (no shield)
rNeg    . . .      Spirit   .    a - +0 robe
rPois   .          Reflect  .    (no helmet)
rElec   .          Harm     .    (no cloak)
rCorr   .          Rampage  .    (no gloves)
Will    .....                    (no boots)
Stlth   ++........               (no amulet)
HPRegen 0.23/turn                (no ring)
MPRegen 0.12/turn                (no ring)

@: no status effects
A: no striking features
a: no special abilities


You were on level 2 of the Dungeon.
You visited 1 branch of the dungeon, and saw 2 of its levels.

You collected 91 gold pieces.

Inventory:

Armour
 a - a +0 robe (worn)
Jewellery
 e - a +6 ring of dexterity
Scrolls
 d - a scroll of immolation {unknown}
 f - 4 scrolls of identify {unknown}
 g - 2 scrolls of magic mapping {unknown}
 j - a scroll of acquirement {unknown}
Potions
 b - 2 potions of magic
 c - 2 potions of degeneration {unknown}
 h - a potion of mutation {unknown}
 i - a potion of flight {unknown}
 k - a potion of berserk rage {unknown}


   Skills:
 - Level 2.4 Dodging
 - Level 2.4 Stealth
 + Level 3.5 Spellcasting
 * Level 1.8 Conjurations
 * Level 0.6 Translocations
 * Level 4.2 Air Magic


You had 3 spell levels left.
You knew the following spells:

 Your Spells              Type           Power      Damage    Failure   Level
a - Shock                 Conj/Air       64%        1d7       3%          1
b - Static Discharge      Conj/Air       32%        2-4/arc   5%          2
c - Teleport Other        Tloc           6%         N/A       28%         3

Your spell library contained the following spells:

 Spells                   Type           Power      Damage    Failure   Level
 Swiftness                Air            21%        N/A       7%          3
 Apportation              Tloc           12%        N/A       10%         1
 Necrotise                Necr           12%        1d4       13%         1
 Slow                     Hex            12%        N/A       13%         1
 Summon Small Mammal      Summ           12%        N/A       13%         1
 Dazzling Flash           Conj/Hex       14%        N/A       26%         3
 Gell's Gravitas          Tloc           6%         N/A       28%         3
 Confusing Touch          Hex            3%         N/A       36%         3
 Vampiric Draining        Necr           3%         2d6       36%         3
 Airstrike                Air            10%        2d(2-18)  22%         4
 Silence                  Hex/Air        6%         N/A       82%         5
 Agony                    Necr           3%         N/A       98%         5
 Dispersal                Tloc           3%         N/A       100%        6


Dungeon Overview and Level Annotations

Branches:
Dungeon (2/15)

Altars:


Message History

You are struck by an arc of lightning.
The lightning grounds out.
The adder bites you but does no damage.
Casting: Static Discharge (safe; 5% risk of failure)
Confirm with . or Enter, or press ? or * to list all spells.
The adder is struck by an arc of lightning.
The adder is severely wounded.
You are struck by an arc of lightning.
The lightning grounds out.
The adder misses you. The adder bites you but does no damage.
Casting: Static Discharge (safe; 5% risk of failure)
Confirm with . or Enter, or press ? or * to list all spells.
You don't have enough magic to cast this spell.
Casting: Static Discharge (safe; 5% risk of failure)
Confirm with . or Enter, or press ? or * to list all spells.
You don't have enough magic to cast this spell.
Unknown command.
The adder attacks as you move away! The adder bites you.
You are poisoned.
The adder poisons you!
You feel sick.
You feel sick.
There is a stone staircase leading up here.
You feel sick.
There is an open door here.
You see here a worm corpse.
You feel sick. The adder bites you.
You feel sick.
You are no longer poisoned.
The adder attacks as you move away! The adder closely misses you. x2
Casting: Static Discharge (safe; 5% risk of failure)
Confirm with . or Enter, or press ? or * to list all spells.
Aiming: Shock (safe; 3% risk of failure)
Press: ? - help, Shift-Dir - straight line The zap misses the adder.
The zap hits the adder.
The adder is almost dead.
The adder closely misses you.
You miss the adder.
The adder is almost dead.
The adder bites you.
* * * LOW HITPOINT WARNING * * *
The adder bites you.
You die...

.# ###.#.### #.[.....# .#
#.......# ##.....## .#
#.#.###.# ##.<.## .# #.#.#
#.# #####†#### .# #.#.#
#.# #........# ## #.#.#
#.# #.###.##.#
#.#.###.###.###.##.#
#.#.##...##.##S..#.#
#............@.....#
###.##...##.##...#.#######
# ##.###.##............
...# #.######.#######
##### #........#
##########


You could see an adder.

Vanquished Creatures
  3 adders (D:2)
  A worm (D:2)
  2 ball pythons
  3 endoplasms
  2 giant cockroaches (D:2)
  2 goblins (D:1)
  5 hobgoblins
  3 quokkas (D:1)
  3 bats
  2 kobolds (D:1)
  8 rats
34 creatures vanquished.

Notes
Turn   | Place    | Note
-------+----------+-------------------------------------------
     0 | D:1      | pascalblue the Deep Elf Air Elementalist began the quest
                  | for the Orb.
     0 | D:1      | Reached XP level 1. HP: 10/10 MP: 6/6
   288 | D:1      | Reached XP level 2. HP: 15/15 MP: 5/8
   957 | D:1      | Learned a level 2 spell: Static Discharge
  1039 | D:2      | Reached XP level 3. HP: 19/19 MP: 6/9
  1093 | D:2      | Learned a level 3 spell: Teleport Other
  1118 | D:2      | Reached skill level 4 in Air Magic
  1763 | D:2      | Identified the +0 robe of the Comet {rElec rPois rF++}
  1775 | D:2      | Slain by an adder

Illustrated notes

Levels and vault maps discovered:
D:1:      wheals_arrival_shading, layout_loops_ring
D:2:      layout_loops_corners, hex_large

Skill      XL: |  1  2  3 |
---------------+----------+-----
Air Magic      | 4 |  4.2
Dodging        | |  2.4
Stealth        | |  2.4
Spellcasting   | |  3.5
Conjurations   | |  1.8
Translocations | |  0.6

Action                   || total
-------------------------++-------
Melee: Unarmed           ||     1
 Cast: Shock             ||    72
       Static Discharge  ||     3
Armor: Robe              ||     2
Dodge: Dodged            ||     7

Table legend: (Time is in decaauts)
 A = Elapsed time spent in this place.
 B = Non-inter-level travel time spent in this place.
 C = Inter-level travel time spent in this place.
 D = Time resting spent in this place.
 E = Time spent auto-exploring this place.
 F = Levels seen in this place.
 G = Mean time per level.
                   A        B        C        D        E       F      G
               +--------+--------+--------+--------+--------+-----+--------+
         Total |   1774 |   1756 |     18 |      0 |   1593 |   2 |  887.0 |
       Dungeon |   1774 |   1756 |     18 |      0 |   1593 |   2 |  887.0 |
               +--------+--------+--------+--------+--------+-----+--------+

Top non-repeatable levels by time:
     D:1: 975 daAuts
     D:2: 799 daAuts
